 Dungeon Crawl Stone Soup version 0.28-a0-429-g1448048969 (webtiles) character file.

Game seed: 16788063910472335892

224 omnomnOMINOUS the Stinger (level 6, 0/42 HPs)
             Began as an Octopode Wanderer on Sept 12, 2021.
             Was an Initiate of the Shining One.
             Splashed by a jelly's acid (8 damage)
             ... on level 4 of the Dungeon.
             The game lasted 00:08:22 (4080 turns).

omnomnOMINOUS the Stinger (Octopode Wanderer)       Turns: 4080, Time: 00:08:23

Health: 0/42       AC: -7    Str: 11    XL:     6   Next: 0%
Magic:  11/11      EV: 14    Int: 16    God:    the Shining One [......]
Gold:   73         SH:  0    Dex: 12    Spells: 7/11 levels left

rFire   . . .      SeeInvis +   a - +5 club
rCold   + . .      Faith    .   (no shield)
rNeg    . . .      Spirit   .   (helmet restricted)
rPois   .          Reflect  .   (no amulet)
rElec   .          Harm     .   e - ring of protection from cold
rCorr   .          Rampage  .   n - ring of see invisible
Will    .....                   (no ring)
Stlth   +.........              (no ring)
HPRegen 0.14/turn               (no ring)
MPRegen 0.12/turn               (no ring)
                                (no ring)
                                (no ring)

@: corroded, glowing
A: almost no armour, amphibious, 8 rings, camouflage 1, gelatinous body 1,
(nimble swimmer 1), tentacles
a: Renounce Religion


You were on level 4 of the Dungeon.
You worshipped the Shining One.
The Shining One was noncommittal.
You visited 1 branch of the dungeon, and saw 4 of its levels.

You collected 73 gold pieces.

Inventory:

Hand Weapons
 a - a +5 club (weapon)
 b - a +0 spear
 c - a +1 antimagic spear
Jewellery
 e - a ring of protection from cold (left tentacle)
 n - a ring of see invisible (right tentacle)
Wands
 g - a wand of flame (15) (quivered)
 k - a wand of charming (11)
Scrolls
 d - a scroll of identify {unknown}
 i - 2 scrolls of teleportation {unknown}
 l - a scroll of brand weapon {unknown}
 o - a scroll of enchant weapon {unknown}
 r - a scroll of fear {unknown}
 t - a scroll of amnesia {unknown}
Potions
 f - a potion of curing
 h - a potion of flight {unknown}
 j - a potion of berserk rage {unknown}
 m - a potion of resistance {unknown}
 p - a potion of heal wounds {unknown}
 q - a potion of mutation {unknown}
 s - a potion of cancellation {unknown}


   Skills:
 + Level 3.3 Fighting
 + Level 3.4 Dodging
 - Level 1.0 Shields
 + Level 3.4 Spellcasting
 - Level 6.0 Poison Magic
 - Level 1.1 Evocations


You had 7 spell levels left.
You knew the following spells:

 Your Spells              Type           Power      Damage    Failure   Level
a - Sting                 Tmut/Pois      48%        1d5       5%          1
b - Mephitic Cloud        Conj/Pois/Air  9%         N/A       24%         3

Your spell library contained the following spells:

 Spells                   Type           Power      Damage    Failure   Level
 Shock                    Conj/Air       8%         1d3       19%         1


Dungeon Overview and Level Annotations

Branches:
Dungeon (4/15)
 Temple: D:4-7

Altars:
Xom
The Shining One


Innate Abilities, Weirdness & Mutations

You cannot wear most types of armour.
You are amphibious.
You can wear up to eight rings at the same time.
Your skin changes colour to match your surroundings (Stealth+).
Your rubbery body absorbs attacks. (AC +1, EV +1)
((You are camouflaged near water. (Stealth+)))
You have tentacles for arms and can constrict up to eight enemies at once.


Message History

The crimson imp is moderately wounded.
The crimson imp hits you.
You hit the crimson imp. Your grab misses the crimson imp.
The crimson imp is severely wounded.
The crimson imp hits you.
You hit the crimson imp.
You kill the crimson imp!
The Shining One accepts your kill.
You have reached level 6!
Your experience leads to an increase in your attributes!
Increase (S)trength, (I)ntelligence, or (D)exterity?
You feel clever.
You start resting.
HP restored.
There is an open door here.
A jelly comes into view.
The jelly quivers.
The jelly closely misses you.
You hit the jelly.
Your tentacles burn!
Your squeeze misses the jelly.
The jelly is lightly wounded.
The jelly hits you. The acid corrodes you!
You are splashed with acid!
You hit the jelly.
Your tentacles burn!
You squeeze the jelly.
The jelly is moderately wounded.
The jelly hits you. The acid corrodes you!
You are splashed with acid.
You are too injured to fight recklessly!
You are too injured to fight recklessly!
You hit the jelly.
Your tentacles burn!
The jelly is moderately wounded.
The jelly closely misses you.
You hit the jelly.
Your tentacles burn!
You squeeze the jelly.
The jelly is heavily wounded.
The jelly misses you. The jelly closely misses you.
You hit the jelly.
Your tentacles burn!
* * * LOW HITPOINT WARNING * * *
You squeeze the jelly.
The jelly is severely wounded.
The jelly hits you.
* * * LOW HITPOINT WARNING * * *
The acid corrodes you!
You are splashed with acid!
You die...

. #.....##..#
#...###...# ..
####.###...# ##
#. ...........#
....
...........#
.#.
...#####.### ..
# #.# .#
#.######.##.#
#......@J...#
########.##....
.# # .. ###


You could see a jelly.

Vanquished Creatures
  A crimson imp (D:4)
  Jessica (D:2)
  An orc wizard (D:3)
  Robin (D:3)
  3 adders
  4 dart slugs
  5 orcs
  5 ball pythons
  4 bats
  10 endoplasms
  2 giant cockroaches
  11 goblins
  9 hobgoblins
  4 kobolds
  5 quokkas
  5 frilled lizards
  A goblin skeleton (D:4)
  2 goblin zombies (D:4)
  2 hobgoblin zombies (D:4)
  3 orc skeletons (D:4)
  An orc zombie (D:4)
  7 rats
87 creatures vanquished.

Vanquished Creatures (others)
  A frilled lizard (D:3)
1 creature vanquished.

Grand Total: 88 creatures vanquished

Notes
Turn   | Place    | Note
-------+----------+-------------------------------------------
     0 | D:1      | omnomnOMINOUS the Octopode Wanderer began the quest for the
                  | Orb.
     0 | D:1      | omnomnOMINOUS set off with the following items: a +0
                  | dagger, a wand of flame (15); and the following spells
                  | available to memorise: Sting, Shock, Mephitic Cloud
     0 | D:1      | Reached XP level 1. HP: 16/16 MP: 1/1
   105 | D:1      | Reached skill level 1 in Dodging
   105 | D:1      | Reached XP level 2. HP: 21/21 MP: 1/3
   109 | D:1      | Reached skill level 1 in Spellcasting
   111 | D:1      | Learned a level 1 spell: Sting
   750 | D:1      | Reached XP level 3. HP: 25/26 MP: 5/5
   993 | D:2      | Noticed Jessica
  1010 | D:2      | Killed Jessica
  1011 | D:2      | Reached XP level 4. HP: 23/31 MP: 5/7
  1299 | D:2      | Learned a level 3 spell: Mephitic Cloud
  1791 | D:3      | Found a shimmering altar of Xom.
  2772 | D:3      | Reached XP level 5. HP: 27/36 MP: 9/9
  3278 | D:4      | Noticed Robin
  3610 | D:3      | Killed Robin
  3904 | D:4      | Found a glowing golden altar of the Shining One.
  3916 | D:4      | Became a worshipper of the Shining One
  3929 | D:4      | Reached XP level 6. HP: 24/42 MP: 11/11
  4080 | D:4      | Splashed by a jelly's acid

Illustrated notes

Levels and vault maps discovered:
D:1:      scummos_arrival_hexagon, layout_basic, minmay_misc_feat_enclosed,
          serial_bayou_ford_a
D:2:      layout_loops_ring, uniq_jessica
D:3:      wad_lake_hut, layout_rooms, xom_confusion_cloud
D:4:      layout_loops_corners, nicolae_tso_besieged_by_evil,
          mainiacjoe_overflow_alcove_4, serial_shops, nicolae_shop_stone,
          uniq_duvessa, uniq_robin

Skill      XL: |  1  2  3  4  5 |
---------------+----------------+-----
Dodging        | 1 2 3 |  3.4
Spellcasting   | 1 2 3 |  3.4
Fighting       | |  3.3
Shields        | |  1.0
Poison Magic   | |  6.0
Evocations     | |  1.1

Action                   |  1- 3 |  4- 6 || total
-------------------------+-------+-------++-------
Melee: Spear             |    47 |       ||    47
       Tentacles         |     8 |    10 ||    18
       Constrict         |     9 |    29 ||    38
       Club              |       |   137 ||   137
 Cast: Sting             |     1 |       ||     1
  Use: Potion            |       |     2 ||     2
 Stab: Sleeping          |    12 |    10 ||    22
Armor: Skin              |       |    19 ||    19
Dodge: Dodged            |    13 |   128 ||   141

Table legend: (Time is in decaauts)
 A = Elapsed time spent in this place.
 B = Non-inter-level travel time spent in this place.
 C = Inter-level travel time spent in this place.
 D = Time resting spent in this place.
 E = Time spent auto-exploring this place.
 F = Levels seen in this place.
 G = Mean time per level.
                   A        B        C        D        E       F      G
               +--------+--------+--------+--------+--------+-----+--------+
         Total |   4129 |   4018 |    111 |   1586 |   1751 |   4 | 1032.2 |
       Dungeon |   4129 |   4018 |    111 |   1586 |   1751 |   4 | 1032.2 |
               +--------+--------+--------+--------+--------+-----+--------+

Top non-repeatable levels by time:
     D:3: 1490 daAuts
     D:2: 1429 daAuts
     D:1: 769 daAuts
     D:4: 440 daAuts
